 Dungeon Crawl Stone Soup version 0.28-a0-43-g560ac104fe (webtiles) character file.

Game seed: 7046903069214882598

56 Lekart the Skirmisher (level 3, -1/34 HPs)
             Began as a Draconian Chaos Knight on July 28, 2021.
             Was a Plaything of Xom.
             Slain by a gnoll (3 damage)
             ... on level 2 of the Dungeon.
             The game lasted 00:01:49 (950 turns).

Lekart the Skirmisher (Draconian Chaos Knight)       Turns: 950, Time: 00:01:49

Health: -1/34      AC:  5    Str: 15    XL:     3   Next: 71%
Magic:  3/3        EV: 11    Int: 12    God:    Xom [*.....]
Gold:   48         SH:  3    Dex: 10    Spells: 2/2 levels left

rFire   . . .      SeeInvis .   a - +0 falchion (chaos)
rCold   . . .      Faith    .   b - +0 buckler
rNeg    . . .      Spirit   .   (armour unavailable)
rPois   .          Reflect  .   (helmet restricted)
rElec   .          Harm     .   (no cloak)
rCorr   .          Rampage  .   (no gloves)
Will    .....                   (no boots)
Stlth   +.........              (no amulet)
HPRegen 0.11/turn               (no ring)
MPRegen 0.08/turn               (no ring)

@: no status effects
A: AC +5, unfitting armour, cold-blooded
a: Renounce Religion


You were on level 2 of the Dungeon.
You worshipped Xom.
You were a special plaything of Xom.
You visited 1 branch of the dungeon, and saw 2 of its levels.

You collected 48 gold pieces.

Inventory:

Hand Weapons
 a - a +0 falchion of chaos (weapon)
Armour
 b - a +0 buckler (worn)
Jewellery
 e - a +4 ring of evasion
Scrolls
 d - a scroll of fear {unknown}
Potions
 c - a potion of flight {unknown}


   Skills:
 * Level 4.5 Fighting
 + Level 3.3 Long Blades
 + Level 2.6 Dodging


You had 2 spell levels left.
You didn't know any spells.
Your spell library was empty.

Dungeon Overview and Level Annotations

Branches:
Dungeon (2/15)

Altars:


Innate Abilities, Weirdness & Mutations

Your plain brown scales are hard. (AC +5)
You cannot fit into any form of body armour.
You are cold-blooded and may be slowed by cold attacks.


Message History

You barely miss the goblin.
The goblin is severely wounded.
The goblin hits you with a +0 club.
You hit the goblin.
You kill the goblin!
The gnoll hits you with a +0 club. x2
You hit the gnoll. You burn the gnoll. You tail-slap the gnoll.
The gnoll is almost dead.
The gnoll hits you but does no damage. The gnoll barely misses you.
You hit the gnoll. Lightning courses through the gnoll!
You kill the gnoll!
The gnoll hits you with a +0 whip!
You see here a hobgoblin corpse.
You barely miss the endoplasm. The endoplasm hits you.
You hit the endoplasm. You drain the endoplasm.
You kill the endoplasm!
The kobold misses you.
You slash the kobold!
You kill the kobold!
You hit the gnoll.
The gnoll is moderately wounded.
The gnoll misses you.
You riposte.
You hit the gnoll but do no damage.
The gnoll is poisoned.
The gnoll is moderately wounded.
You hit the gnoll.
The gnoll seems to speed up.
Xom is highly amused!
The gnoll is heavily wounded.
The gnoll closely misses you.
You hit the gnoll. You burn the gnoll.
The gnoll is severely wounded.
You block the gnoll's attack. The gnoll hits you with a +0 whip.
You hit the gnoll but do no damage.
The gnoll is severely wounded.
The gnoll hits you with a +0 whip.
* * * LOW HITPOINT WARNING * * *
The gnoll hits you with a +0 whip.
* * * LOW HITPOINT WARNING * * *
The gnoll hits you with a +0 whip.
You die... "It was about time."

.#.##......##.#
.......†.......
#.###...†..##.#
##...#.# #
##.##... #)#
##.# ##.# #
#g.# #@## #.#
##.## # ##...##
#.##.>...####.#
#.............#
####.....######
##...## ##.##


You could see a gnoll (fast, poisoned).

Vanquished Creatures
  2 gnolls (D:2)
  A dart slug (D:1)
  4 ball pythons
  2 bats
  3 endoplasms
  2 giant cockroaches (D:1)
  2 goblins
  3 hobgoblins
  3 jackals (D:1)
  3 kobolds
  A quokka (D:2)
  3 frilled lizards (D:1)
  2 rats (D:2)
31 creatures vanquished.

Notes
Turn   | Place    | Note
-------+----------+-------------------------------------------
     0 | D:1      | Lekart the Draconian Chaos Knight began the quest for the
                  | Orb.
     0 | D:1      | Reached XP level 1. HP: 19/19 MP: 1/1
   135 | D:1      | XOM: noise
   209 | D:1      | XOM: 4-stop teleportation journey
   266 | D:1      | Reached XP level 2. HP: 21/27 MP: 2/2
   577 | D:1      | XOM: cast spell 'Olgreb's Toxic Radiance'
   579 | D:1      | Reached skill level 4 in Fighting
   641 | D:1      | Found a faded altar of an unknown god.
   650 | D:1      | XOM: divination: magic mapping
   881 | D:2      | Reached XP level 3. HP: 33/33 MP: 3/3
   950 | D:2      | Slain by a gnoll

Illustrated notes

Levels and vault maps discovered:
D:1:      mainiacjoe_arrival_reflecting_pool, layout_basic,
          ebering_ecumenical_altar_hall, skrybe_limestone_x, minmay_pentomino_u2
D:2:      layout_loops_ring

Skill      XL: |  1  2 |
---------------+-------+-----
Fighting       | 4 |  4.5
Long Blades    | |  3.3
Dodging        | |  2.6

Action                   || total
-------------------------++-------
Melee: Falchion          ||    84
       Tailslap          ||     8
 Stab: Sleeping          ||     1
Armor: Skin              ||    30
Dodge: Dodged            ||    71
Block: Buckler           ||     5
       Rpst.: Falchion   ||    20

Table legend: (Time is in decaauts)
 A = Elapsed time spent in this place.
 B = Non-inter-level travel time spent in this place.
 C = Inter-level travel time spent in this place.
 D = Time resting spent in this place.
 E = Time spent auto-exploring this place.
 F = Levels seen in this place.
 G = Mean time per level.
                   A        B        C        D        E       F      G
               +--------+--------+--------+--------+--------+-----+--------+
         Total |    964 |    959 |      5 |      0 |    763 |   2 |  482.0 |
       Dungeon |    964 |    959 |      5 |      0 |    763 |   2 |  482.0 |
               +--------+--------+--------+--------+--------+-----+--------+

Top non-repeatable levels by time:
     D:1: 777 daAuts
     D:2: 187 daAuts
